 Dungeon Crawl Stone Soup version 0.22-a0-388-g09e6169 (webtiles) character file.

116 Mgcat the Changer (level 5, 0/37 HPs)
             Began as a Merfolk Transmuter on Apr 29, 2018.
             Slain by a rat (2 damage)
             ... on level 3 of the Dungeon.
             The game lasted 00:05:31 (2806 turns).

Mgcat the Changer (Merfolk Transmuter)              Turns: 2806, Time: 00:05:32

Health: 0/37       AC:  2    Str: 10    XL:     5   Next: 0%
Magic:  5/8        EV: 13    Int: 13    God:
Gold:   143        SH:  0    Dex: 19    Spells: 2/8 levels left

rFire    . . .     SeeInvis .     - Unarmed
rCold    . . .     Gourm    .   (no shield)
rNeg     . . .     Faith    .   b - +0 robe
rPois    .         Spirit   .   (no helmet)
rElec    .         Reflect  .   (no cloak)
rCorr    +         Harm     .   (no gloves)
MR       .....                  (no boots)
Stlth    ++........             (no amulet)
HPRegen  0.12/turn              f - ring of resist corrosion
MPRegen  0.11/turn              c - +4 ring of dexterity

@: appendage, berserk cooldown, slowed, very slow
A: change form in water, swift swim, stealthy swim, horns 2
a: End Transformation


You were on level 3 of the Dungeon.
You were not hungry.
You had grown temporary horns.
You visited 1 branch of the dungeon, and saw 3 of its levels.

You collected 143 gold pieces.

Inventory:

Missiles
 a - 21 arrows
 l - a throwing net {=f, !d}
Armour
 b - a +0 robe (worn)
Jewellery
 c - a +4 ring of dexterity (right hand)
   (You found it on level 1 of the Dungeon)
 f - a ring of resist corrosion (left hand)
   (You found it on level 1 of the Dungeon)
Wands
 o - a wand of random effects (27)
   (You found it on level 3 of the Dungeon)
 r - a wand of acid (5)
   (You took it off a hobgoblin on level 3 of the Dungeon)
Scrolls
 h - 4 scrolls of remove curse {unknown}
 i - 3 scrolls of identify {unknown}
 k - 2 scrolls of amnesia {unknown}
 p - a scroll of teleportation {unknown}
Potions
 e - a potion of invisibility {unknown}
 g - a potion of lignification {unknown}
 j - 2 potions of mutation {unknown}
 m - a potion of resistance {unknown}
 n - 2 potions of curing {unknown}
 q - a potion of haste {unknown}
Comestibles
 d - 7 rations
 t - 2 chunks of flesh {@w0}


   Skills:
 - Level 1.1 Fighting
 - Level 2.6 Dodging
 + Level 4.5 Unarmed Combat
 - Level 2.0 Spellcasting
 + Level 4.6 Transmutations
 + Level 2.0 Poison Magic


You had 2 spell levels left.
You knew the following spells:

 Your Spells              Type           Power        Failure   Level  Hunger
a - Beastly Appendage     Tmut           ##....       3%          1    ##.....
b - Sticks to Snakes      Tmut           ##......     6%          2    ###....
c - Spider Form           Tmut/Pois      #.........   19%         3    ####...


Dungeon Overview and Level Annotations

Branches:
Dungeon (3/15)

Altars:


Innate Abilities, Weirdness & Mutations

You revert to your normal form in water.
You are very nimble and swift while swimming.
You are very stealthy in the water. (Stealth+)
You have a pair of horns on your head.


Message History

You extend your transformation's duration.
You hit the leopard gecko.
The leopard gecko is almost dead.
The leopard gecko bites you.
You are too injured to fight recklessly!
You are too injured to fight recklessly!
You are too injured to fight recklessly!
You are too injured to fight recklessly!
You are too injured to fight recklessly!
You are too injured to fight recklessly!
You hit the leopard gecko.
You kill the leopard gecko!
A hound appears from thin air!
A hound comes into view.
Casting: Beastly Appendage (safe; 4% risk of failure)
Confirm with . or Enter, or press ? or * to list all spells.
You extend your transformation's duration.
The hound barks!
You hear an angry hiss.
The hound bites you.
A leopard gecko and a rat come into view.
You closely miss the hound. The hound bites you.
The hound completely misses you.
You hit the hound but do no damage. The hound bites you.
Casting: Beastly Appendage (safe; 4% risk of failure)
Confirm with . or Enter, or press ? or * to list all spells.
You create a snake!
You now have 21 arrows.
The hound bites you. The hound closely misses you. The hound bites you.
* * * LOW HITPOINT WARNING * * *
Your ball python misses the hound.
Your ball python barely misses the hound.
The leopard gecko bites your ball python.
You hit the hound but do no damage. The hound barely misses you.
Your ball python barely misses the leopard gecko.
Your ball python closely misses the leopard gecko.
The leopard gecko barely misses your ball python.
Unknown command.
Unknown command.
You barely miss the hound. Your headbutt misses the hound.
The hound closely misses you.
Your ball python closely misses the leopard gecko.
Your ball python barely misses the leopard gecko.
The leopard gecko barely misses your ball python.
The hound bites you.
* * * LOW HITPOINT WARNING * * *
You hit the hound.
The hound is lightly wounded.
The hound bites you.
* * * LOW HITPOINT WARNING * * *
Your ball python barely misses the leopard gecko.
Your ball python misses the leopard gecko.
The leopard gecko hisses menacingly.
The leopard gecko misses your ball python.
Unknown command.
Unknown command.
Really quaff
s - a potion of berserk rage {!q}?
A red film seems to cover your vision as you go berserk!
You feel yourself moving faster!
You feel mighty! The hound bites you.
* * * LOW HITPOINT WARNING * * *
Your ball python closely misses the leopard gecko. x2
The leopard gecko barely misses your ball python.
Unknown command.
Unknown command.
Unknown command.
Unknown command.
You hit the hound.
The hound is heavily wounded.
The hound barely misses you. The rat bites your ball python.
Your ball python dies!
Unknown command.
Unknown command.
Unknown command.
You punch the hound!
You kill the hound!
Your Poison Magic skill increases to level 2!
Unknown command.
Unknown command.
Unknown command.
Unknown command.
Unknown command.
Unknown command.
You feel a strong urge to attack something.
You barely miss the leopard gecko. The leopard gecko misses you.
Unknown command.
Unknown command.
You punch the leopard gecko!
You kill the leopard gecko!
You have reached level 5!
You feel agile.
Unknown command.
Unknown command.
You are no longer berserk.
You are exhausted.
You feel yourself slow down.
Unknown command.
Unknown command.
Unknown command.
You hit the rat.
The rat is heavily wounded.
The rat bites you.
You die...

#.....[. #....... r
#....... .l #....... ...
#########....... ....
................ .....
..............
......#########....#####...
.......†.r@........# ##....
.......########....###.)...
....... ##.........##
....... #.......#...
....... #.......###)
......# #.....(..... .....#
##........... ###.#
###............
#..............


You could see a rat.

Vanquished Creatures
  A hound (D:3)
  An adder (D:2)
  3 worms (D:2)
  3 dart slugs
  5 leopard geckos
  An orc (D:3)
  2 ball pythons (D:3)
  A giant cockroach (D:1)
  6 goblins
  6 hobgoblins
  6 kobolds
  2 quokkas
  3 bats
  3 frilled lizards
  4 rats
47 creatures vanquished.

Vanquished Creatures (collateral kills)
  2 adders
2 creatures vanquished.

Grand Total: 49 creatures vanquished

Notes
Turn   | Place    | Note
-------+----------+-------------------------------------------
     0 | D:1      | Mgcat the Merfolk Transmuter began the quest for the Orb.
     0 | D:1      | Reached XP level 1. HP: 15/15 MP: 3/3
    54 | D:1      | HP: 3/15 [kobold (1)]
   301 | D:1      | Reached skill level 3 in Transmutations
   358 | D:1      | Reached XP level 2. HP: 17/21 MP: 3/5
   362 | D:1      | Learned a level 2 spell: Sticks to Snakes
   848 | D:2      | Reached XP level 3. HP: 17/26 MP: 4/6
   853 | D:2      | Learned a level 3 spell: Spider Form
   867 | D:2      | Reached skill level 4 in Unarmed Combat
  1021 | D:2      | HP: 6/26 [poisoned by an adder]
  1027 | D:2      | HP: 4/26 [poisoned by an adder]
  1035 | D:2      | HP: 3/26 [poisoned by an adder]
  1311 | D:2      | HP: 2/26 [worm (9)]
  1313 | D:2      | Reached skill level 4 in Transmutations
  1634 | D:2      | Reached skill level 1 in Poison Magic
  1721 | D:2      | Reached XP level 4. HP: 21/32 MP: 5/7
  2170 | D:3      | HP: 6/32 [adder (5)]
  2178 | D:3      | HP: 2/32 [poisoned by an adder]
  2186 | D:3      | HP: 1/32 [poisoned by an adder]
  2793 | D:3      | HP: 8/32 [hound (2)]
  2797 | D:3      | HP: 1/48 [hound (5)]
  2799 | D:3      | Reached skill level 2 in Poison Magic
  2804 | D:3      | Reached XP level 5. HP: 2/37 MP: 5/8
  2806 | D:3      | Slain by a rat

Vault maps used:
D:1:      sevenhm_arrival_forest_fort_large_4
D:2:      hex_medium
D:3:      first_ration, makhleb_heckhound_becter

Skill      XL: |  1  2  3  4 |
---------------+-------------+-----
Transmutations | 3 4 |  4.6
Unarmed Combat | 4 |  4.5
Poison Magic   | 1 2 |  2.0
Fighting       | |  1.1
Dodging        | |  2.6
Spellcasting   | |  2.0

Action                   |  1- 3 |  4- 6 || total
-------------------------+-------+-------++-------
Melee: Unarmed           |    75 |    64 ||   139
       Headbutt          |    10 |     7 ||    17
 Cast: Beastly Appendage |    23 |    10 ||    33
       Sticks to Snakes  |     1 |     2 ||     3
  Use: Potion            |       |     1 ||     1
 Stab: Sleeping          |     2 |     1 ||     3
  Eat: Chunk             |     3 |     4 ||     7
Armor: Robe              |     4 |     3 ||     7
Dodge: Dodged            |    51 |    38 ||    89

Table legend:
 A = Spawn XP
 B = Non-spawn XP
 C = Spawn XP percentage of total XP
 D = Spawn monster count
 E = Non-spawn monster count
 F = Spawn count percentage of total count
 G = Total turns spent on level
                    A         B        C        D         E        F      G
               +---------+---------+-------+---------+---------+-------+---------
         Total |       0 |     166 |   0.0 |       0 |      49 |   0.0 |  2806
               +---------+---------+-------+---------+---------+-------+---------
           D:1 |       0 |      20 |   0.0 |       0 |      12 |   0.0 |   726
           D:2 |       0 |      68 |   0.0 |       0 |      22 |   0.0 |  1376
           D:3 |       0 |      78 |   0.0 |       0 |      15 |   0.0 |   704
               +---------+---------+-------+---------+---------+-------+---------

Vault maps used:
D:1:      sevenhm_arrival_forest_fort_large_4
D:2:      hex_medium
D:3:      first_ration, makhleb_heckhound_becter

Table legend:
 A = Turns spent in this place as a percentage of turns spent in the entire game.
 B = Non-inter-level travel turns spent in this place as a percentage of non-inter-level travel turns spent in the entire game.
 C = Inter-level travel turns spent in this place as a percentage of turns spent in this place.
 D = Turns resting spent in this place as a percentage of non-inter-level travel turns spent in this place.
 E = Turns spent auto-exploring this place as a percentage of non-inter-level travel turns spent in this place.
 F = Non-inter-level travel turns spent in this place divided by the number of levels of this place that you've seen.
                   A       B       C       D       E      F
               +-------+-------+-------+-------+-------+----------------------
         Total | 100.0 | 100.0 |   1.5 |   0.0 |  84.7 | 921.0
       Dungeon | 100.0 | 100.0 |   1.5 |   0.0 |  84.7 | 921.0
               +-------+-------+-------+-------+-------+----------------------

Table legend:
 A = Kills in this place as a percentage of kills in entire the game.
 B = Kills by you in this place as a percentage of kills by you in the entire game.
 C = Kills by friends in this place as a percentage of kills by friends in the entire game.
 D = Other kills in this place as a percentage of other kills in the entire game.
 E = Experience gained in this place as a percentage of experience gained in the entire game.
 F = Experience gained in this place divided by the number of levels of this place that you have seen.
                   A       B       C       D       E      F
               +-------+-------+-------+-------+-------+----------------------
         Total | 100.0 | 100.0 | 100.0 |   N/A | 100.0 |  55.3
       Dungeon | 100.0 | 100.0 | 100.0 |   N/A | 100.0 |  55.3
               +-------+-------+-------+-------+-------+----------------------
